 Dungeon Crawl Stone Soup version 0.20.0-10-g0535bb4 (webtiles) character file.

1999 Kriby the Cleaver (level 9, -5/83 HPs)
             Began as a Hill Orc Fighter on June 5, 2017.
             Killed by divine providence
             ... invoked by an orc priest
              (15 damage)
             ... on level 6 of the Dungeon.
             The game lasted 00:05:40 (5732 turns).

Kriby the Cleaver (Hill Orc Fighter)                Turns: 5732, Time: 00:05:41

Health: -5/83      AC: 12    Str: 22    XL:     9   Next: 21%
Magic:  9/9        EV:  6    Int:  6    God:
Gold:   231        SH:  9    Dex: 10    Spells: 8/8 levels left

rFire    + . .     SeeInvis .   a - +1 war axe
rCold    . . .     Gourm    .   c - +0 shield
rNeg     . . .     Faith    .   y - +0 chain mail
rPois    .         Spirit   .   (no helmet)
rElec    .         Reflect  .   s - +0 cloak
rCorr    .         Harm     .   u - +1 pair of gloves
MR       .....                  (no boots)
Stlth    ..........             (no amulet)
Regen    0.3/turn               v - ring of protection from fire
MPRegen  0.2/turn               (no ring)

@: no status effects
A: thin skeletal structure 1, clumsy 1, dopey 1, sturdy frame 1
a: Convert to Beogh


You were on level 6 of the Dungeon.
You were not hungry.

You visited 1 branch of the dungeon, and saw 7 of its levels.

You collected 231 gold pieces.

Inventory:

Hand Weapons
 a - a +1 war axe (weapon)
Armour
 c - a +0 shield (worn)
 s - a +0 cloak (worn)
 u - a +1 pair of gloves (worn)
 y - a +0 chain mail (worn)
Jewellery
 v - a ring of protection from fire (left hand)
Scrolls
 d - a scroll of enchant weapon
 g - 2 scrolls of remove curse
 l - a scroll of teleportation
 n - a scroll of fog
 o - 9 scrolls of identify
 p - 3 scrolls of enchant armour
Potions
 e - a potion of curing
 i - a potion of lignification
 k - a potion of mutation
Comestibles
 b - a royal jelly
 f - 2 bread rations
 h - 8 meat rations
 q - 8 fruits
 A - a chunk of flesh


   Skills:
 + Level 9.0 Fighting
 * Level 12.4 Axes
 - Level 3.2 Armour
 - Level 3.2 Shields


You had 8 spell levels left.
You didn't know any spells.

Dungeon Overview and Level Annotations

Branches:
Dungeon (7/15)
 Temple: D:4-7

Altars:


Innate Abilities, Weirdness & Mutations

You have a somewhat thin skeletal structure. (Dex +2, Stealth)
You are clumsy. (Dex -2)
You are dopey. (Int -2)
Your movements are slightly less encumbered by armour. (ER -2)


Message History

The orc priest invokes the aid of Beogh against you.
Beogh smites you!
The orc warrior hits you with a long sword!
* * * LOW HITPOINT WARNING * * *
The orc priest threatens, "By the altar or by the axe, you will meet Beogh!"
You closely miss the orc priest.
The orc priest is heavily wounded.
The orc priest shouts, "Join the one true god or die!"
You hit the orc warrior.
You kill the orc warrior!
Your Fighting skill increases to level 9!
The orc priest calls down the wrath of Beogh upon you.
Pain shoots through your body!
* * * LOW HITPOINT WARNING * * *
You block the orc priest's attack.
You hit the orc priest but do no damage.
The orc priest is heavily wounded.
The orc priest invokes the aid of Beogh against you.
Beogh smites you!
You die...

#....##.#.#
#....##.#.####
#....##.#.##<#
##........##.#
#.........#o#
#........##.#
#........##F#
####.##†.##.#
#.###@##.# ..#
#)o#o####.###
###.
.o.#........#
###.[).......#
#..=.......#
#..........#
#........###
###.##.....
#.. ...###


You could see 2 orc priests.

Vanquished Creatures
  The ghost of Manul the Sneak, an amateur OpAK of Lugonu (D:4)
  Sigmund (D:2)
  Duvessa (D:5)
  2 orc warriors
  An ice beast (D:5)
  2 ogres (D:5)
  3 centaurs
  Dowan (D:5)
  2 bullfrogs (D:6)
  A scorpion (D:6)
  A howler monkey (D:4)
  6 crimson imps
  A bullfrog zombie (D:6)
  A jelly (D:5)
  Jessica (D:2)
  3 orc wizards (D:6)
  Terence (D:2)
  7 adders
  An ooze (D:1)
  3 dart slugs
  6 leopard geckos
  13 orcs
  11 bats
  5 giant cockroaches
  5 goblins
  13 hobgoblins
  17 jackals
  7 kobolds
  5 quokkas
  2 ball pythons
  4 frilled lizards
  7 rats
135 creatures vanquished.

Notes
Turn   | Place    | Note
-------+----------+-------------------------------------------
     0 | D:1      | Kriby the Hill Orc Fighter began the quest for the Orb.
     0 | D:1      | Reached XP level 1. HP: 19/19 MP: 1/1
    32 | D:1      | Reached skill level 3 in Axes
   252 | D:1      | Reached XP level 2. HP: 22/27 MP: 2/2
   615 | D:1      | Reached skill level 4 in Axes
   615 | D:1      | Reached XP level 3. HP: 32/33 MP: 3/3
   799 | D:2      | Noticed Jessica
   818 | D:2      | Killed Jessica
   818 | D:2      | Reached skill level 5 in Axes
   818 | D:2      | Reached XP level 4. HP: 12/41 MP: 4/4
  1529 | D:2      | Noticed Terence
  1544 | D:2      | Killed Terence
  1544 | D:2      | Reached skill level 5 in Fighting
  1544 | D:2      | Reached XP level 5. HP: 31/48 MP: 5/5
  1673 | D:2      | Noticed Sigmund
  1685 | D:2      | Killed Sigmund
  1685 | D:2      | Reached skill level 7 in Axes
  1685 | D:2      | Reached XP level 6. HP: 38/56 MP: 6/6
  3167 | D:4      | Noticed Manul's ghost (amateur OpAK)
  3182 | D:4      | Killed Manul's ghost
  3182 | D:4      | Reached skill level 8 in Axes
  3182 | D:4      | Reached XP level 7. HP: 59/64 MP: 7/7
  3512 | D:4      | You fall through a shaft for 3 floors!
  3526 | D:7      | HP: 3/64 [centaur (7)]
  3530 | D:7      | Reached skill level 9 in Axes
  3969 | D:5      | Entered Level 5 of the Dungeon
  3984 | D:5      | Reached XP level 8. HP: 72/73 MP: 8/8
  4064 | D:5      | Reached skill level 10 in Axes
  4734 | D:5      | Noticed Duvessa
  4736 | D:5      | Noticed Dowan
  4755 | D:5      | Killed Duvessa
  4756 | D:5      | Killed Dowan
  4756 | D:5      | Reached skill level 11 in Axes
  5556 | D:5      | HP: 2/75 [orc warrior/long sword (12)]
  5557 | D:5      | Gained mutation: You are clumsy. (Dex -2) [potion of mutation]
  5557 | D:5      | Gained mutation: You have a somewhat thin skeletal structure. (Dex +2, Stealth) [potion of mutation]
  5557 | D:5      | Gained mutation: You are dopey. (Int -2) [potion of mutation]
  5557 | D:5      | Gained mutation: Your movements are slightly less encumbered by armour. (ER -2) [potion of mutation]
  5578 | D:5      | Reached XP level 9. HP: 14/82 MP: 9/9
  5711 | D:6      | Reached skill level 12 in Axes
  5732 | D:6      | Killed from afar by an orc priest

Skill      XL: |  1  2  3  4  5  6  7  8  9 |
---------------+----------------------------+-----
Axes           | 3 4 5 7 8 9 11 12 | 12.4
Fighting       | 4 5 6 7 8 9 |  9.0
Armour         | |  3.2
Shields        | |  3.2

Action                   |  1- 3 |  4- 6 |  7- 9 || total
-------------------------+-------+-------+-------++-------
Melee: War axe           |    95 |   191 |   206 ||   492
  Use: Potion            |     1 |     2 |    10 ||    13
       Scroll            |       |       |     6 ||     6
  Eat: Chunk             |       |     8 |     8 ||    16
Armor: Scale mail        |    35 |    99 |    67 ||   201
       Skin              |       |       |     2 ||     2
       Chain mail        |       |       |    13 ||    13
Dodge: Dodged            |    25 |    61 |    49 ||   135
Block: Shield            |    42 |   108 |    86 ||   236
